[Event "Olomouc Chess Summer Open 2022"]
[Site "Olomouc"]
[Date "2022.08.14"]
[Round "3.16"]
[White "Soban, Jaroslav"]
[Black "Patil, Mitali"]
[Result "1-0"]
[ECO "A20"]
[WhiteElo "2101"]
[BlackElo "1910"]
[Annotator "RC"]
[PlyCount "81"]
[EventDate "2022.08.14"]
[EventCountry "CZE"]
[SourceTitle "playchess.com"]
[Source "ChessBase"]
[SourceQuality "1"]
[TimeControl "40/5400+30:1800+30"]

1. c4 e5 2. g3 Nc6 3. Bg2 f5 4. Nc3 Nf6 5. a3 Bc5 6. b4 Bd4 7. Qb3 O-O 8. e3 Bxc3 9. Qxc3 f4 10. b5 fxe3 11. dxe3 Ne7 12. Bb2 d6 13. h3 a6 14. Rd1 axb5 15. cxb5 Nd7 16. Nf3 Ng6 17. h4 h5 18. Ng5 Qf6 19. O-O Nc5 20. f4 Qe7 21. Bd5+ Kh8 22. Qc2 Bf5 23. e4 Bg4 24. f5 Qf6 25. fxg6 Bxd1 26. Rxd1 Qxg6 27. Bxe5 Rxa3 28. Bf4 Ra5 29. Qc4 Ra4 30. Qe2 b6 31. Rf1 Ra3 32. Kg2 Ra7 33. Be3 Rxf1 34. Qxf1 Qf6 35. Qd1 Qg6 36. Qf3 Qe8 37. Bf7 Qxf7 38. Qxf7 Ra8 39. Qxh5+ Kg8 40. Qf7+ Kh8 41. Bd4 1-0

[Event "Olomouc Chess Summer Open 2022"]
[Site "Olomouc"]
[Date "2022.08.14"]
[Round "3.17"]
[White "Muzika, Paul"]
[Black "Vasinek, Martin"]
[Result "1-0"]
[ECO "B38"]
[WhiteElo "2072"]
[BlackElo "1881"]
[Annotator "NA RC"]
[PlyCount "59"]
[EventDate "2022.08.14"]
[EventCountry "CZE"]
[SourceTitle "playchess.com"]
[Source "ChessBase"]
[SourceQuality "1"]
[TimeControl "40/5400+30:1800+30"]

1. e4 c5 2. Nf3 Nc6 3. d4 cxd4 4. Nxd4 g6 5. c4 Bg7 6. Be3 d6 7. Be2 Nf6 8. Nc3 Bd7 9. O-O O-O 10. h3 Nxd4 11. Bxd4 Bc6 12. Qc2 Qc7 13. b4 a6 14. a4 e5 15. Be3 b6 16. a5 bxa5 17. Rxa5 Rfb8 18. Rfa1 Rxb4 19. Rxa6 Rab8 20. f3 Nh5 21. Ra7 R4b7 22. Rxb7 Rxb7 23. Qd2 f5 24. Nb5 Bxb5 25. cxb5 Nf4 26. Ra8+ Rb8 27. Bc4+ Kh8 28. b6 Qc8 29. Rxb8 Qxb8 30. Qa5 1-0

[Event "Olomouc Chess Summer Open 2022"]
[Site "Olomouc"]
[Date "2022.08.14"]
[Round "3.18"]
[White "Schletter, Felix"]
[Black "Nagyova, Daniela"]
[Result "1-0"]
[ECO "C63"]
[WhiteElo "1975"]
[BlackElo "1712"]
[Annotator "NA RC"]
[PlyCount "81"]
[EventDate "2022.08.14"]
[EventCountry "CZE"]
[SourceTitle "playchess.com"]
[Source "ChessBase"]
[SourceQuality "1"]
[TimeControl "40/5400+30:1800+30"]

1. e4 e5 2. Nf3 Nc6 3. Bb5 f5 4. d3 fxe4 5. dxe4 Nf6 6. O-O Bc5 7. Bxc6 bxc6 8. Nxe5 O-O 9. Nc3 a5 10. Bg5 Qe8 11. Nd3 Ba7 12. e5 Nd5 13. Nxd5 cxd5 14. Re1 Bb7 15. Bh4 Qg6 16. Bg3 d4 17. f4 h5 18. Qd2 Rae8 19. Qxa5 Bb6 20. Qd2 c5 21. b3 Ra8 22. Rf1 Ba5 23. Qf2 Be4 24. Rac1 Bb6 25. a4 Bxd3 26. cxd3 Qxd3 27. Qf3 Qf5 28. Kh1 Kh8 29. Bh4 Rae8 30. Bg5 Qg6 31. Qb7 Qe6 32. h3 Rb8 33. Qf3 Qe8 34. g4 Ba7 35. gxh5 Qe6 36. Rc4 Rb6 37. h6 g6 38. Bf6+ Kh7 39. Qd3 d5 40. Rxc5 Rb7 41. Rc2 1-0

[Event "Olomouc Chess Summer Open 2022"]
[Site "Olomouc"]
[Date "2022.08.14"]
[Round "3.19"]
[White "Korniichuk, Oleksandra"]
[Black "Hrabal, Matej"]
[Result "1-0"]
[ECO "C50"]
[WhiteElo "1789"]
[BlackElo "1950"]
[Annotator "NA RC"]
[PlyCount "45"]
[EventDate "2022.08.14"]
[EventCountry "CZE"]
[SourceTitle "playchess.com"]
[Source "ChessBase"]
[SourceQuality "1"]
[TimeControl "40/5400+30:1800+30"]

1. e4 e5 2. Nf3 Nc6 3. Bc4 Nf6 4. d3 Bc5 5. O-O d6 6. h3 a6 7. c3 Ba7 8. Be3 Na5 9. Qa4+ c6 10. Bxf7+ Kxf7 11. b4 b5 12. Qxa5 Qxa5 13. bxa5 Bxe3 14. fxe3 h6 15. g4 g5 16. Nbd2 Kg6 17. Rf2 h5 18. Raf1 hxg4 19. Nxe5+ dxe5 20. Rxf6+ Kh5 21. hxg4+ Bxg4 22. Kg2 Be2 23. R1f2 1-0

[Event "Olomouc Chess Summer Open 2022"]
[Site "Olomouc"]
[Date "2022.08.14"]
[Round "3.20"]
[White "Al-Ali, Hussein Ali Hussein"]
[Black "Vylicil, Adam"]
[Result "1-0"]
[ECO "A08"]
[WhiteElo "2262"]
[BlackElo "1890"]
[Annotator "TA"]
[PlyCount "153"]
[EventDate "2022.08.14"]
[EventCountry "CZE"]
[SourceTitle "playchess.com"]
[Source "ChessBase"]
[SourceQuality "1"]
[TimeControl "40/5400+30:1800+30"]

1. e4 e6 2. d3 d5 3. Nd2 Nf6 4. Ngf3 c5 5. g3 Nc6 6. Bg2 Be7 7. O-O O-O 8. Re1 Qc7 9. c3 b5 10. a3 {[%emt 0:03:20] C00: French: Unusual White 2nd moves.} Bb7 {[%emt 0:02:13] [#]} 11. e5 $146 (11. exd5 $11 Nxd5 12. Qe2) ({Predecessor:} 11. Qe2 Rfe8 12. e5 Nd7 13. Nf1 d4 14. Bf4 a5 15. h4 a4 16. N1d2 Na5 17. cxd4 cxd4 18. Rac1 Qb6 19. Ng5 Bxg2 20. Kxg2 Rad8 21. Qh5 g6 22. Qxh7+ {1-0 (22) Cambria,G-Licandro,M (1577) Condino 2012}) 11... Nd7 $1 $15 12. d4 {[%emt 0:00:12] Black is slightly better.} Qb6 (12... a5 $15) 13. Nf1 a5 14. h4 a4 15. Be3 cxd4 16. Bxd4 Nxd4 17. Nxd4 Bc5 18. Ne3 Bxd4 (18... f6 {is interesting.} 19. Bh3 fxe5 20. Nxe6 Nf6) 19. Qxd4 Qxd4 20. cxd4 Nb6 21. b3 axb3 {[%emt 0:09:52][%cal Ob5b4] Threatens to win with ...b4!} 22. Reb1 Nc4 {[%emt 0:01:45] Strongly threatening ...Na5.} 23. Rxb3 Bc6 24. Nc2 Ra7 25. Bf1 Rfa8 26. Rc3 Kf8 27. Bd3 h6 28. Be2 Bd7 29. f3 Ke7 30. Kf2 Ra4 31. Rb3 R4a7 (31... f6 $15 {might be stronger.}) 32. Ke1 Na5 33. Rc3 Nc4 34. f4 b4 35. Nxb4 Rxa3 36. Rcxa3 Rxa3 37. Rxa3 Nxa3 $11 {[%emt 0:00:06][%mdl 4096] Endgame KBN-KBN} 38. Kd2 Bb5 39. Bf3 Nc4+ 40. Kc3 Ne3 41. h5 Nf5 42. g4 Nh4 43. Bd1 f5 44. exf6+ Kxf6 45. Kd2 Bc4 46. Ke3 g6 47. hxg6 Nxg6 48. Nc6 Bb5 49. Ne5 Nxe5 (49... Ne7 $11 {remains equal.}) 50. dxe5+ {[%emt 0:00:00] KB-KB} Ke7 (50... Kf7 $16 {might work better.}) 51. f5 $1 $18 Bd7 $2 (51... Bc4 $16 {is a better chance.}) 52. Kf4 $2 (52. f6+ $1 $18 Kd8 53. Bc2) 52... Kf7 53. f6 Kg8 (53... Bb5 $16) 54. g5 ({White must play} 54. Be2 $1 $18) 54... hxg5+ $14 55. Kxg5 Be8 56. Be2 Kh7 57. Bd3+ Kg8 58. Kh6 Kf8 59. Kg5 Kg8 $1 60. Kf4 Kf7 61. Ke3 Ba4 62. Kd4 Bd1 $1 {[%emt 0:00:21] Prevents Be2.} 63. Kc5 Bg4 64. Kd6 Bh5 65. Bc2 Bg4 {[%emt 0:00:26] [#]} 66. Bd3 (66. Bg6+ $1 $14 Kf8 67. Bd3) 66... Bh3 (66... Bh5 $1 $11) 67. Be2 Bf5 68. Bh5+ Kf8 69. Kc5 Bh7 $2 {[%emt 0:00:43][%mdl 8192] [#]} (69... Kg8 $14) 70. Bg4 $1 $18 Bg8 71. Kd6 Bf7 72. Bxe6 Bxe6 73. Kxe6 {[%emt 0:00:00] White mates.} d4 74. f7 d3 75. Kf6 d2 76. e6 d1=Q 77. e7# {[%emt 0:00:00] Weighted Error Value: White=0.32/Black=0.32} 1-0

[Event "Olomouc Chess Summer Open 2022"]
[Site "Olomouc"]
[Date "2022.08.15"]
[Round "4.16"]
[White "Schletter, Felix"]
[Black "Soban, Jaroslav"]
[Result "1-0"]
[ECO "B40"]
[WhiteElo "1975"]
[BlackElo "2101"]
[Annotator "NA RC"]
[PlyCount "95"]
[EventDate "2022.08.14"]
[EventCountry "CZE"]
[SourceTitle "playchess.com"]
[Source "ChessBase"]
[SourceQuality "1"]
[TimeControl "40/5400+30:1800+30"]

1. e4 c5 2. Nf3 e6 3. g3 Nc6 4. Bg2 Nf6 5. Qe2 d6 6. O-O Be7 7. c3 O-O 8. d4 Rb8 9. Rd1 Qc7 10. a4 a6 11. Na3 Re8 12. Nc4 Ra8 13. dxc5 dxc5 14. Bf4 e5 15. Nfxe5 g5 16. Nxc6 gxf4 17. Nxe7+ Rxe7 18. Qd2 Be6 19. e5 Bxc4 20. Qxf4 Rxe5 21. Qxc4 Rae8 22. h3 Qe7 23. Qf4 Ne4 24. Qg4+ Rg5 25. Qxe4 Qxe4 26. Bxe4 Rxe4 27. Rd7 b6 28. a5 b5 29. Kf1 Rge5 30. Rd6 Re6 31. Rxe6 Rxe6 32. Rd1 Kf8 33. Rd7 Ke8 34. Rb7 c4 35. h4 h6 36. g4 Re4 37. f3 Re3 38. Kf2 Rd3 39. Ke2 Rd6 40. Rb6 Rd3 41. Rxa6 h5 42. gxh5 Rd5 43. h6 Rh5 44. Rb6 Kd7 45. a6 Kc7 46. a7 Re5+ 47. Kf2 Re8 48. Rb8 1-0

[Event "Olomouc Chess Summer Open 2022"]
[Site "Olomouc"]
[Date "2022.08.15"]
[Round "4.17"]
[White "Korniichuk, Oleksandra"]
[Black "Muzika, Paul"]
[Result "0-1"]
[ECO "C50"]
[WhiteElo "1789"]
[BlackElo "2072"]
[Annotator "NA RC"]
[PlyCount "120"]
[EventDate "2022.08.14"]
[EventCountry "CZE"]
[SourceTitle "playchess.com"]
[Source "ChessBase"]
[SourceQuality "1"]
[TimeControl "40/5400+30:1800+30"]

1. e4 e5 2. Nf3 Nc6 3. Bc4 Nf6 4. d3 Bc5 5. c3 d6 6. h3 h6 7. O-O Bb6 8. Be3 g5 9. Nh2 Rg8 10. g4 h5 11. Qf3 Qe7 12. a4 Bd7 13. b4 a5 14. b5 Nd8 15. Bxb6 cxb6 16. d4 Ne6 17. Bxe6 Bxe6 18. d5 Bd7 19. Nd2 Rc8 20. Rac1 Rh8 21. Qe2 Nh7 22. Nc4 Nf8 23. Nxb6 Ng6 24. Nxc8 Bxc8 25. Qc4 Bd7 26. Qc7 Kf8 27. c4 Nf4 28. c5 Ne2+ 29. Kg2 Nf4+ 30. Kh1 dxc5 31. Qxc5 hxg4 32. Qxe7+ Kxe7 33. hxg4 Bxg4 34. f3 Bh3 35. Rc7+ Kf6 36. Rfc1 g4 37. fxg4 Bg2+ 38. Kg1 Bxe4 39. R1c2 Bxc2 40. Rxc2 Nxd5 41. Rc5 Ke6 42. b6 Ra8 43. Nf3 f6 44. g5 Kd6 45. Rb5 fxg5 46. Kf2 Nc3 47. Rb3 Nxa4 48. Nxg5 Nc5 49. Ra3 a4 50. Ke3 Kd5 51. Nf3 Ra6 52. Kd2 Rxb6 53. Re3 e4 54. Nh4 Rb2+ 55. Kc1 Rf2 56. Ng6 Kd4 57. Ra3 e3 58. Ne7 Nd3+ 59. Kb1 b5 60. Nc6+ Ke4 0-1

[Event "Olomouc Chess Summer Open 2022"]
[Site "Olomouc"]
[Date "2022.08.15"]
[Round "4.18"]
[White "Marek, Matyas"]
[Black "Zvolanek, Libor"]
[Result "1-0"]
[ECO "B05"]
[WhiteElo "2354"]
[BlackElo "2130"]
[Annotator "TA"]
[PlyCount "37"]
[EventDate "2022.08.14"]
[EventCountry "CZE"]
[SourceTitle "playchess.com"]
[Source "ChessBase"]
[SourceQuality "1"]
[TimeControl "40/5400+30:1800+30"]

1. e4 Nf6 2. e5 Nd5 3. d4 d6 4. Nf3 Bg4 5. Be2 c6 6. c4 Nb6 7. Nbd2 N8d7 8. a4 {[%emt 0:00:51] [#] B05: Alekhine's Defence: 4 Nf3 Bg4.} Nc8 $146 (8... dxe5 $14 9. a5 (9. dxe5 a5 $11) 9... Nc8) ({Predecessor:} 8... Bxf3 9. Nxf3 dxe5 10. a5 Nc8 11. Qb3 exd4 12. Qxb7 Rb8 13. Qxc6 e6 14. O-O Bc5 15. Rb1 Ne7 {½-½ (42) Kuiper,J (2555)-Hugentobler,P (2446) ICCF email 2008}) 9. Ng5 Bxe2 {[%emt 0:03:24] [#]} 10. e6 $1 {[%emt 0:00:35][%csl Gg5][%cal Re6f7] White is better.} f6 (10... Qa5 $2 {is a self mate.} 11. exf7+ Kd8 12. Ne6#) 11. exd7+ Qxd7 12. Qxe2 fxg5 13. Ne4 $36 {[%emt 0:00:09][%cal Bd2e4,Be4g5,Bg5e6][%mdl 2080] White is really pushing. White is more active.} h6 (13... e5 $16) 14. Qh5+ $18 Kd8 (14... g6 $142 15. Qxg6+ Kd8) 15. Nxg5 $1 {[%emt 0:00:51] Threatens to win with Nf7+.} Kc7 {[%emt 0:01:29][%cal Og7g6] [#]} 16. d5 $1 (16. Nf7 Qe6+ 17. Be3 g6 $11) 16... g6 17. Qh4 {[%emt 0:00:34] aiming for Ne6+.} e5 $2 {[%emt 0:00:05] [#]} (17... hxg5 18. Qxh8 Nb6) 18. Ne6+ $1 Kb8 19. Qf6 $1 {[%emt 0:00:15][%csl LRf8,LRg6,LRh8] Black did not feel at home in the position after the opening.  Weighted Error Value: White=0.01 (flawless) /Black=0.54} 1-0

[Event "Olomouc Chess Summer Open 2022"]
[Site "Olomouc"]
[Date "2022.08.15"]
[Round "4.19"]
[White "Ibrahim, Emad Eldin"]
[Black "Al-Ali, Hussein Ali Hussein"]
[Result "0-1"]
[ECO "B23"]
[WhiteElo "2028"]
[BlackElo "2262"]
[Annotator "NA RC"]
[PlyCount "152"]
[EventDate "2022.08.14"]
[EventCountry "CZE"]
[SourceTitle "playchess.com"]
[Source "ChessBase"]
[SourceQuality "1"]
[TimeControl "40/5400+30:1800+30"]

1. e4 c5 2. Nc3 Nc6 3. f4 e6 4. Nf3 d5 5. Bb5 a6 6. Bxc6+ bxc6 7. O-O c4 8. Qe1 Nf6 9. b3 cxb3 10. axb3 Be7 11. e5 Nd7 12. d4 c5 13. Be3 Bb7 14. Qg3 g6 15. Qf2 Qc7 16. Na4 Rc8 17. c3 O-O 18. Rfc1 f6 19. Qg3 fxe5 20. fxe5 Rf5 21. Nh4 Bxh4 22. Qxh4 Qd8 23. Qg4 Bc6 24. Nb2 cxd4 25. cxd4 Bb5 26. h4 Rxc1+ 27. Rxc1 Nf8 28. Bh6 Qd7 29. Na4 Kf7 30. Nb6 Qd8 31. Nc8 Bd7 32. Nd6+ Kg8 33. Nxf5 exf5 34. Qg5 Qxg5 35. Bxg5 Ne6 36. Be3 f4 37. Bf2 Kf7 38. Rc3 h6 39. b4 g5 40. hxg5 hxg5 41. g3 Kg6 42. g4 Kf7 43. Kg2 Ke7 44. Rh3 Kf7 45. Rh7+ Ng7 46. Kf3 Ba4 47. Rh6 Ne6 48. Ke2 Bb5+ 49. Kd2 Ke7 50. Rh7+ Kd8 51. Ra7 Nc7 52. Rb7 Bd7 53. Rb6 Bxg4 54. Rg6 Ne6 55. Rg8+ Kc7 56. Kc3 Be2 57. Kd2 Bb5 58. Rg6 Kd7 59. Kc3 Ke7 60. Kd2 Kd7 61. Kc3 Be2 62. Kd2 Bh5 63. Rh6 Bf7 64. Rh7 Ke7 65. Rh8 Be8 66. Rh7+ Kf8 67. Ke1 Bf7 68. Rh8+ Ke7 69. Ke2 Bg6 70. Ra8 Nc7 71. Ra7 Kd7 72. e6+ Kc6 73. Kf3 Bh5+ 74. Kg2 Kb6 75. Rxc7 Kxc7 76. Be1 Kd6 0-1

[Event "Olomouc Chess Summer Open 2022"]
[Site "Olomouc"]
[Date "2022.08.15"]
[Round "4.20"]
[White "Houska, Jiri"]
[Black "Lehmann, Christoph"]
[Result "1-0"]
[ECO "D26"]
[WhiteElo "2220"]
[BlackElo "1916"]
[Annotator "TA"]
[PlyCount "53"]
[EventDate "2022.08.14"]
[EventCountry "CZE"]
[SourceTitle "playchess.com"]
[Source "ChessBase"]
[SourceQuality "1"]
[TimeControl "40/5400+30:1800+30"]

1. d4 d5 2. c4 dxc4 3. Nf3 Nf6 4. e3 c5 5. Bxc4 e6 6. O-O Nc6 7. Bb3 Be7 8. Nc3 cxd4 9. exd4 O-O 10. Re1 a6 11. h4 {[%emt 0:02:44] [#] D27: Queen's Gambit Accepted: Classical main line: 7 e4!? and 7 a4.} b5 $146 ({Predecessor:} 11... Na5 12. Bc2 b5 13. Ne5 Bb7 14. h5 Nc6 15. Nxc6 Bxc6 16. Bg5 g6 17. hxg6 hxg6 18. Qd3 Qd6 19. d5 exd5 20. Qd4 Bd8 21. Bb3 a5 22. Bh6 Re8 23. Rxe8+ Nxe8 24. Bxd5 {½-½ (24) Joppich,U (2464)-Lins,T (2460) GER email 2019}) 12. d5 exd5 13. Nxd5 {[%emt 0:00:06] White has an edge.} Nxd5 14. Bxd5 Bb7 15. Bf4 Bf6 $2 {[%emt 0:10:11] [#]} (15... h6 $11 {and Black is okay.}) 16. Bd6 $1 $18 Re8 $2 {[%emt 0:01:45] [#]} (16... Na5) 17. Bxf7+ $1 Kxf7 (17... Kh8 18. Rxe8+) 18. Qd5+ {[%emt 0:00:20] White mates.} Kg6 19. Rxe8 Qxe8 20. h5+ Kh6 21. Bf4+ g5 22. Bxg5+ Kg7 23. h6+ {[%emt 0:04:26][%mdl 64] Deflection} Kf8 24. Bxf6 Qf7 25. Qd6+ Kg8 26. Ng5 Qc4 27. Qd7 {[%emt 0:04:17][%csl LRb7,LRh7] White took control after the opening.  Weighted Error Value: White=0.02 (flawless) /Black=0.68} 1-0

[Event "Olomouc Chess Summer Open 2022"]
[Site "Olomouc"]
[Date "2022.08.16"]
[Round "5.16"]
[White "Muzika, Paul"]
[Black "Schletter, Felix"]
[Result "1-0"]
[ECO "B12"]
[WhiteElo "2072"]
[BlackElo "1975"]
[Annotator "NA RC"]
[PlyCount "63"]
[EventDate "2022.08.14"]
[EventCountry "CZE"]
[SourceTitle "playchess.com"]
[Source "ChessBase"]
[SourceQuality "1"]
[TimeControl "40/5400+30:1800+30"]

1. e4 c6 2. d4 d5 3. e5 c5 4. dxc5 e6 5. a3 Bxc5 6. b4 Be7 7. Nf3 Nd7 8. Bb2 a5 9. b5 Nh6 10. c4 dxc4 11. Bxc4 Nb6 12. Qxd8+ Bxd8 13. Bb3 a4 14. Ba2 Bd7 15. Nc3 Ra5 16. Nd4 Nf5 17. Ne4 Be7 18. Bc3 Nxd4 19. Bxa5 Nc2+ 20. Kd2 Nxa1 21. Bxb6 Nb3+ 22. Bxb3 axb3 23. a4 f5 24. Nc5 Bxc5 25. Bxc5 Kf7 26. Kc3 Rc8 27. Kb4 Ke8 28. Rb1 Kd8 29. Rxb3 Kc7 30. Rd3 Rd8 31. a5 Kc8 32. Bd6 1-0

[Event "Olomouc Chess Summer Open 2022"]
[Site "Olomouc"]
[Date "2022.08.16"]
[Round "5.17"]
[White "Al-Ali, Hussein Ali Hussein"]
[Black "Marek, Matyas"]
[Result "1/2-1/2"]
[ECO "C42"]
[WhiteElo "2262"]
[BlackElo "2354"]
[Annotator "TA"]
[PlyCount "29"]
[EventDate "2022.08.14"]
[EventCountry "CZE"]
[SourceTitle "playchess.com"]
[Source "ChessBase"]
[SourceQuality "1"]
[TimeControl "40/5400+30:1800+30"]

1. e4 e5 2. Nf3 Nf6 3. Nc3 Bb4 4. a3 Bxc3 5. dxc3 d6 6. Nd2 {[%emt 0:00:45] C42: Petroff Defence: 3 Nxe5 and unusual White 3rd moves.} Be6 7. c4 {[%emt 0:05:09] [#]} Nbd7 $146 ({Predecessor:} 7... c6 8. Bd3 Nbd7 9. O-O d5 10. cxd5 cxd5 11. exd5 Bxd5 12. Qe2 O-O 13. c4 Bc6 {1-0 (54) Klein,J (1976)-Zimmer,B (1221) Saarlouis 2002}) 8. c3 O-O 9. Be2 a5 10. a4 Nc5 11. Qc2 Qd7 12. O-O {[%emt 0:00:57] The position is equal.} Qc6 13. Bf3 Qb6 14. Rb1 Nfd7 15. b4 {[%emt 0:08:45] Weighted Error Value: White=0.10 (very precise) /Black=0.08 (flawless)} 1/2-1/2

[Event "Olomouc Chess Summer Open 2022"]
[Site "Olomouc"]
[Date "2022.08.16"]
[Round "5.18"]
[White "Fizer, Marek"]
[Black "Houska, Jiri"]
[Result "0-1"]
[ECO "B76"]
[WhiteElo "1998"]
[BlackElo "2220"]
[Annotator "NA RC"]
[PlyCount "60"]
[EventDate "2022.08.14"]
[EventCountry "CZE"]
[SourceTitle "playchess.com"]
[Source "ChessBase"]
[SourceQuality "1"]
[TimeControl "40/5400+30:1800+30"]

1. e4 c5 2. Nf3 d6 3. d4 cxd4 4. Nxd4 Nf6 5. Nc3 g6 6. Be3 Bg7 7. f3 O-O 8. Qd2 Nc6 9. g4 Be6 10. Nxe6 fxe6 11. O-O-O Ne5 12. Be2 Qc8 13. h4 Nfd7 14. f4 Nc4 15. Bxc4 Qxc4 16. e5 d5 17. Bd4 Rf7 18. h5 Raf8 19. f5 gxf5 20. gxf5 Rxf5 21. h6 Bxe5 22. Qg2+ Kf7 23. Bxe5 Nxe5 24. Rhf1 Ke8 25. Rxf5 Rxf5 26. Qg8+ Kd7 27. Nxd5 exd5 28. Rxd5+ Kc7 29. Qd8+ Kc6 30. Rd1 Rf1 0-1

[Event "Olomouc Chess Summer Open 2022"]
[Site "Olomouc"]
[Date "2022.08.16"]
[Round "5.19"]
[White "Szkoludek, Sebastian"]
[Black "Cagasik, Tomas"]
[Result "0-1"]
[ECO "A47"]
[WhiteElo "1992"]
[BlackElo "2143"]
[Annotator "NA RC"]
[PlyCount "46"]
[EventDate "2022.08.14"]
[EventCountry "CZE"]
[SourceTitle "playchess.com"]
[Source "ChessBase"]
[SourceQuality "1"]
[TimeControl "40/5400+30:1800+30"]

1. d4 b6 2. Nf3 Bb7 3. g3 Nf6 4. Bg2 c5 5. O-O g6 6. c4 cxd4 7. Nxd4 Bxg2 8. Kxg2 Qc8 9. b3 Bg7 10. Bb2 Qb7+ 11. Kg1 d6 12. Nc3 Nbd7 13. Re1 h5 14. e4 h4 15. Nd5 hxg3 16. hxg3 Ne5 17. Nb5 Nxd5 18. exd5 Qd7 19. Bxe5 Bxe5 20. Rc1 a6 21. Na3 Bb2 22. Nc2 Bxc1 23. Qxc1 Qh3 0-1

[Event "Olomouc Chess Summer Open 2022"]
[Site "Olomouc"]
[Date "2022.08.16"]
[Round "5.20"]
[White "Soban, Jaroslav"]
[Black "Hrabal, Matej"]
[Result "1-0"]
[ECO "A36"]
[WhiteElo "2101"]
[BlackElo "1950"]
[Annotator "NA RC"]
[PlyCount "97"]
[EventDate "2022.08.14"]
[EventCountry "CZE"]
[SourceTitle "playchess.com"]
[Source "ChessBase"]
[SourceQuality "1"]
[TimeControl "40/5400+30:1800+30"]

1. c4 c5 2. Nc3 Nc6 3. g3 g6 4. Bg2 Bg7 5. d3 d6 6. e4 e5 7. Nge2 Nge7 8. O-O O-O 9. f4 Nd4 10. Nxd4 cxd4 11. Ne2 Bg4 12. h3 Bd7 13. b3 Rb8 14. a4 f5 15. Ra2 a6 16. b4 Be6 17. fxe5 dxe5 18. Rc2 fxe4 19. Rxf8+ Bxf8 20. Bxe4 Bxh3 21. Bg5 Qd7 22. Kh2 Bf5 23. Qh1 Qxa4 24. Bxf5 gxf5 25. Bxe7 Qc6 26. Bxf8 Qxh1+ 27. Kxh1 Kxf8 28. Nc1 Kf7 29. Nb3 b6 30. Kg2 Kf6 31. Kf3 Re8 32. Ra2 Ra8 33. Rh2 Kg6 34. Re2 Kf6 35. Ra2 Ra7 36. b5 a5 37. c5 a4 38. Nd2 bxc5 39. b6 Rb7 40. Nc4 Re7 41. Rb2 Rb7 42. Ra2 Re7 43. Rxa4 e4+ 44. Ke2 exd3+ 45. Kd2 f4 46. gxf4 Rg7 47. Ra6 Rg2+ 48. Kxd3 Rg3+ 49. Ke4 1-0

[Event "Olomouc Chess Summer Open 2022"]
[Site "Olomouc"]
[Date "2022.08.17"]
[Round "6.16"]
[White "Marek, Matyas"]
[Black "Muzika, Paul"]
[Result "1/2-1/2"]
[ECO "A06"]
[WhiteElo "2354"]
[BlackElo "2072"]
[Annotator "TA"]
[PlyCount "93"]
[EventDate "2022.08.14"]
[EventCountry "CZE"]
[SourceTitle "playchess.com"]
[Source "ChessBase"]
[SourceQuality "1"]
[TimeControl "40/5400+30:1800+30"]

1. Nf3 d5 2. g3 Nf6 3. Bg2 e6 4. O-O Be7 5. d3 O-O 6. Nbd2 Nc6 7. e4 dxe4 8. dxe4 e5 9. c3 a5 $1 {[%emt 0:00:20] 9...a5 scores better than 9...Be6. A07: Réti Opening: New York and Capablanca Systems.} 10. Qc2 Be6 {[%emt 0:00:11] Against Nc4} 11. a4 Nd7 {[%emt 0:07:54] [#] Black has an edge.} 12. b3 $146 ({Predecessor:} 12. Rd1 Qe8 13. Bf1 f6 14. Bc4 Qf7 15. Bxe6 Qxe6 16. Nf1 Bc5 17. Be3 Bxe3 18. Nxe3 {½-½ (60) Weber,S (2123)-Horn,P (2094) Kiel 2017}) 12... Qe8 13. Re1 f6 14. Bf1 Nb6 15. Nh4 Qf7 16. Nf5 Bc5 17. Rb1 Kh8 18. Nf3 g6 19. Ne3 Be7 20. Nd2 Rfd8 21. Ndc4 Nxc4 22. Bxc4 Bxc4 23. Nxc4 Bc5 24. Be3 Bxe3 25. Nxe3 Rd7 26. Rbd1 Rad8 27. Rxd7 Rxd7 28. Rd1 Qe7 29. Rd5 Rxd5 30. exd5 $11 {[%emt 0:01:56][%mdl 4096] Endgame KQN-KQN} Nd8 31. Qd3 Qd7 32. Qc4 b6 {[%emt 0:04:23] Inhibits Qc5.} ({Better is} 32... Kg7 $1 $11) 33. b4 $14 {[%emt 0:02:17][%cal Bb3b4,Bb4a5,Ba5a6,Ba6a7][%mdl 32] bxa5 is the strong threat.} Nb7 ({Black should play} 33... Kg7 $1 $14) 34. Qa6 $18 Nd6 35. bxa5 Qxa4 36. Qa8+ Kg7 37. a6 {[%emt 0:01:25] And now a7 would win.} (37. Qd8 Nf7 38. Qxc7 Qxa5 $11) 37... f5 (37... Qa2 {was necessary.}) 38. a7 $1 {[%emt 0:05:20] Hoping for Qb8.} (38. Qd8 Qxa6 39. Qxc7+ Nf7 $11) 38... f4 39. Nf1 (39. Qb8 fxe3 40. a8=Q (40. Qxc7+ Nf7 $11) 40... exf2+ 41. Kg2 (41. Kxf2 Qc2+ 42. Kg1 Qd1+ 43. Kg2 Qe2+ 44. Kg1 Qd1+ 45. Kg2 Qe2+ 46. Kg1 Qd1+ $11) 41... Qe4+ 42. Kxf2 Qf5+ 43. Kg1 Qb1+ 44. Kg2 Qc2+ 45. Kh3 Qf5+ 46. Kg2 Qc2+ 47. Kh3 Qf5+ 48. Kg2 Qc2+ $11) (39. gxf4 $142 exf4 40. Nf1 (40. Qb8 fxe3 41. a8=Q Qg4+ 42. Kf1 Qd1+ 43. Kg2 Qg4+ 44. Kf1 Qd1+ 45. Kg2 Qg4+ 46. Kf1 $11)) 39... Qa2 {[%emt 0:10:30] ( -> ...Ne4)} 40. Qb8 Ne4 41. Qxc7+ Kh6 42. Qxb6 Ng5 43. Qc5 $2 (43. h4 $1 $18 Nf3+ 44. Kg2 (44. Kh1 Qxd5 45. c4 Qd7 $11) 44... Ne1+ 45. Kh3 Qxd5 46. f3 (46. Qf6 Qg2+ 47. Kg4 Qf3+ 48. Kh3 Qg2+ 49. Kg4 Qf3+ 50. Kh3 Qg2+ $11) 46... Nxf3 47. Qf2) 43... Nf3+ (43... Qe2 $1 $11 {and Black is okay.}) 44. Kg2 Ne1+ {[%emt 0:00:13] [#]} (44... Qe2 $142 45. Qf8+ Kg5 46. h4+ Kh5 47. g4+ (47. a8=Q Ne1+ 48. Kg1 Nf3+ 49. Kg2 Ne1+ 50. Kg1 Nf3+ 51. Kg2 $11) 47... Kxg4) 45. Kg1 $2 (45. Kh1 $1 $18 {aiming for Qf8+.} Kh5 46. h3) 45... Nf3+ $1 $11 46. Kg2 $2 (46. Kh1 $11 Qb1 47. Qc4 (47. Kg2 Qe4 $11)) 46... Ne1+ $18 {[%emt 0:00:17] [#]} 47. Kg1 $2 {[%emt 0:12:36] Weighted Error Value: White=0.25 (precise) /Black=0.41} (47. Kh1 $1 $18 Kh5 48. gxf4) 1/2-1/2